 Dungeon Crawl Stone Soup version 0.29.0-4-gdea44cf6ec (webtiles) character file.

Game seed: 4064268485314945501

18 qw the Chopper (level 2, -13/24 HPs)
             Began as a Barachi Chaos Knight on Sept 4, 2022.
             Mangled by a chaos spawn (15 damage)
             ... summoned by Xom
             ... on level 1 of the Dungeon.
             The game lasted 00:00:19 (601 turns).

qw the Chopper (Barachi Chaos Knight)                Turns: 601, Time: 00:00:19

Health: -13/24     AC:  5    Str: 13    XL:     2   Next: 66%
Magic:  2/2        EV: 11    Int: 12    God:
Gold:   85         SH:  0    Dex: 11    Spells: 1/1 levels left

rFire   . . .      SeeInvis .   a - +0 hand axe (chaos)
rCold   . . .      Faith    .   (no shield)
rNeg    . . .      Spirit   .   b - +2 leather armour
rPois   .          Reflect  .   (no helmet)
rElec   .          Harm     .   (no cloak)
rCorr   .          Rampage  .   (no gloves)
Will    .....                   (no boots)
Stlth   +.........              (no amulet)
HPRegen 0.08/turn               (no ring)
MPRegen 0.08/turn               (no ring)

@: slow
A: amphibious, slowness 1, strong legs 1, +LOS
a: Hop


You were on level 1 of the Dungeon.
You visited 1 branch of the dungeon, and saw 1 of its levels.

You collected 85 gold pieces.


Innate Abilities, Weirdness & Mutations

You are amphibious.
You cover ground slowly.
You can hop short distances.
You have an extended range of vision and can be seen from far away.


   Skills:
 - Level 3.6 Fighting
 + Level 4.3 Axes
 - Level 2.4 Armour
 - Level 1.1 Dodging


You had one spell level left.
You didn't know any spells.
Your spell library was empty.

Inventory:

Hand Weapons
 a - a +0 hand axe of chaos (weapon)
 e - a +0 club
Armour
 b - a +2 leather armour (worn)
 i - a +0 ring mail
Scrolls
 d - 2 scrolls of amnesia {unknown}
 f - a scroll of teleportation {unknown}
 j - a scroll of poison {unknown}
Potions
 g - a potion of mutation {unknown}
 h - a potion of flight {unknown}
Miscellaneous
 c - a piece from Xom's chessboard (15/15)

Dungeon Overview and Level Annotations

Branches:
Dungeon (1/15)

Altars:


Message History

You slash the frilled lizard!
You kill the frilled lizard!
j - a scroll labelled XOGASTR BIFA
572 ||| Stepping ~*~*~tactically~*~*~ (stealth).
You barely miss the quokka. You punch the quokka.
The quokka is moderately wounded.
The quokka misses you.
You hit the quokka.
You kill the quokka!
You barely miss the quokka.
The quokka bites you but does no damage.
The quokka barely misses you.
You barely miss the quokka. The quokka barely misses you.
You hit the quokka.
The quokka is poisoned.
The quokka is almost dead.
You kill the quokka!
You see here a quokka corpse.
You open the door.
You hear Xom's maniacal laughter.
A sixfirhy comes into view.
There is an open door here.
You closely miss the neqoxec.
You hit the chaos spawn but do no damage.
You barely miss the ufetubus. You miss the sixfirhy. You hit the neqoxec.
The neqoxec seems to grow stronger.
The neqoxec is lightly wounded.
You barely miss the sixfirhy. You hit the chaos spawn.
You closely miss the ufetubus.
The sixfirhy barely misses you. x2; The sixfirhy hits you!
The sixfirhy shocks you!
Ouch! That really hurt!
The ufetubus barely misses you.
The ufetubus hits you but does no damage.
The sixfirhy hits you but does no damage.
The chaos spawn ululates chillingly with its many mouths.
The chaos spawn gores you!
Ouch! That really hurt!
You die...
Xom howls with laughter!

..#...'.#####...<...#####.
}.#...#..................
..#.#.#8#8#8#8#...#8#8#8#
##..#.########8...8####
....#........##.#.##
#####....##..#8.#.8
##...####.##5#4##
##.....##..#85.48#
#..........###@##
#.##########533# #.#
##...33## #.# #..##### #.#
##.## ###.#####..#
#.%.....%.## #..########
#.##


You could see 2 sixfirhies, a neqoxec (summoned, strong), a ynoxinul (summoned),
2 chaos spawn, an iron imp (summoned), a crimson imp (summoned) and an ufetubus
(summoned).

Vanquished Creatures
  2 endoplasms (D:1)
  A giant cockroach (D:1)
  A goblin (D:1)
  A hobgoblin (D:1)
  4 quokkas (D:1)
  2 bats (D:1)
  A frilled lizard (D:1)
  A kobold (D:1)
  4 rats (D:1)
17 creatures vanquished.

Notes
Turn   | Place    | Note
-------+----------+-------------------------------------------
     0 | D:1      | qw the Barachi Chaos Knight began the quest for the Orb.
     0 | D:1      | Reached XP level 1. HP: 18/18 MP: 1/1
     0 | D:1      | 0 ||| qw: Version: 0.1-a-103-gd6f5d3a
     0 | D:1      | 0 ||| qw: Game counter: 5438
     0 | D:1      | 0 ||| qw: Always use a shield: true
     0 | D:1      | 0 ||| qw: God list: Okawaru
     0 | D:1      | 0 ||| qw: Allow faded altars: false
     0 | D:1      | 0 ||| qw: Do Orc after D:15 true
     0 | D:1      | 0 ||| qw: Do second Lair branch before Depths: true
     0 | D:1      | 0 ||| qw: Lair rune preference: random
     0 | D:1      | 0 ||| qw: Plans: Normal
     0 | D:1      | 0 ||| PLANNING D:1-11
     0 | D:1      | Fell from the grace of Xom
    24 | D:1      | 24 ||| Stepping ~*~*~tactically~*~*~ (stealth).
   167 | D:1      | 167 ||| Stepping ~*~*~tactically~*~*~ (stealth).
   170 | D:1      | 170 ||| Stepping ~*~*~tactically~*~*~ (stealth).
   177 | D:1      | 177 ||| Stepping ~*~*~tactically~*~*~ (stealth).
   178 | D:1      | 178 ||| Stepping ~*~*~tactically~*~*~ (stealth).
   181 | D:1      | 181 ||| Stepping ~*~*~tactically~*~*~ (stealth).
   190 | D:1      | Reached XP level 2. HP: 23/24 MP: 2/2
   235 | D:1      | Reached skill level 4 in Axes
   355 | D:1      | Found a faded altar of an unknown god.
   559 | D:1      | 559 ||| Stepping ~*~*~tactically~*~*~ (stealth).
   572 | D:1      | 572 ||| Stepping ~*~*~tactically~*~*~ (stealth).
   599 | D:1      | XOM: summons 9 hostile demons
   600 | D:1      | Noticed a sixfirhy
   600 | D:1      | Noticed a crimson imp
   600 | D:1      | Noticed a ynoxinul
   600 | D:1      | Noticed a chaos spawn
   600 | D:1      | Noticed a sixfirhy
   600 | D:1      | Noticed a neqoxec
   600 | D:1      | Noticed a chaos spawn
   601 | D:1      | HP: 2/24 [sixfirhy[Xom] (12)]
   601 | D:1      | Mangled by a chaos spawn

Levels and vault maps discovered:
D:1:      heliophobic_arrival_ceremonial_halls, layout_rooms,
          shapermc_ecumenical_altar_totnotflames, minmay_misc_feat_nine_boxes,
          fountainhead

Skill      XL: |  1  2 |
---------------+-------+-----
Axes           | 4 |  4.3
Fighting       | |  3.6
Armour         | |  2.4
Dodging        | |  1.1

Action                   || total
-------------------------++-------
Melee: Hand axe          ||    47
       Punch             ||     1
Invok: Renounce Religion ||     1
Armor: Leather armour    ||    16
Dodge: Dodged            ||    23

Table legend:
 A = Non-vault XP
 B = Vault XP
 C = Vault XP percentage of total XP
 D = Non-vault monster count
 E = Vault monster count
 F = Vault count percentage of total count
                 A         B        C        D         E       F
            +---------+---------+-------+---------+---------+-------
      Total |      26 |       0 |   0.0 |      17 |       0 |   0.0
            +---------+---------+-------+---------+---------+-------
        D:1 |      26 |       0 |   0.0 |      17 |       0 |   0.0
            +---------+---------+-------+---------+---------+-------
